 Dungeon Crawl Stone Soup version 0.31-a0-1068-g5939ac1fb6 (webtiles) character file.

Game seed: 13308334662227597348

242 kae the Firebug (level 5, -1/28 HPs)
             Began as a Deep Elf Fire Elementalist on Nov 23, 2023.
             Slain by a gnoll bouda
             ... wielding a +0 whip
              (6 damage)
             ... on level 4 of the Dungeon.
             The game lasted 00:02:44 (4283 turns).

kae the Firebug (Deep Elf Fire Elementalist)        Turns: 4283, Time: 00:02:45

Health: -1/28      AC:  7    Str:  5    XL:     5   Next: 82%
Magic:  0/14       EV: 11    Int: 22    God:
Gold:   217        SH:  0    Dex: 15    Spells: 4/13 levels left

rFire   + . .        j - +4 short sword
rCold   . . .        (no shield)
rNeg    + . .        o - +2 leather armour {rN+}
rPois   .            (no helmet)
rElec   .            (no cloak)
rCorr   .            n - +1 Delatra's gloves {ID++}
SInv    +            (no boots)
Will    .....        G - amulet of guardian spirit
Stlth   ++           v - ring of see invisible
HPRegen 0.24/turn    F - ring of protection from fire
MPRegen 0.14/turn

%: guardian spirit
@: no status effects
A: no striking features
a: no special abilities


You were on level 4 of the Dungeon.
You visited 1 branch of the dungeon, and saw 5 of its levels.

You collected 217 gold pieces.


   Skills:
 - Level 2.4 Dodging
 - Level 2.4 Stealth
 + Level 4.8 Spellcasting
 + Level 3.2 Conjurations
 * Level 5.6 Fire Magic


You had 4 spell levels left.
You knew the following spells:

 Your Spells              Type           Power      Damage    Failure   Level
a - Foxfire               Conj/Fire      96%        2x1d8     2%          1
b - Scorch                Fire           60%        2d7       2%          2
c - Inner Flame           Hex/Fire       17%        N/A       16%         3
d - Volatile Blastmotes   Fire/Tloc      34%        2d12      16%         3

Your spell library contained the following spells:

 Spells                   Type           Power      Damage    Failure   Level
 Apportation              Tloc           10%        N/A       17%         1
 Necrotise                Necr           20%        1d5       17%         1
 Summon Small Mammal      Summ           20%        N/A       17%         1
 Flame Wave               Conj/Fire      24%        2d8       28%         4
 Summon Guardian Golem    Hex/Summ       5%         N/A       45%         3
 Orb of Destruction       Conj           9%         9d6       100%        7
 Spellforged Servitor     Conj/Summ      6%         N/A       100%        7

Inventory:

Hand Weapons
 j - a +4 short sword (weapon)
   (You found it on level 1 of the Dungeon)
Missiles
 d - 34 stones
 k - 6 poisoned darts
Armour
 a - a +0 robe
 n - the +1 Delatra's gloves (worn) {ID++}
   (You found it on level 2 of the Dungeon)

   ID++:      It heals its wearer when they drink unknown potions, and restores
   their MP when they read unknown scrolls.
 o - a +2 leather armour of positive energy (worn)
   (You found it on level 2 of the Dungeon)
Jewellery
 v - a ring of see invisible (left hand)
   (You found it on level 1 of the Dungeon)
 F - a ring of protection from fire (right hand)
   (You found it on level 2 of the Dungeon)
 G - an amulet of guardian spirit (around neck)
   (You found it on level 3 of the Dungeon)
Scrolls
 c - 3 scrolls of identify {@r1}
 e - 2 scrolls of poison {!r}
 i - a scroll of enchant armour
 m - a scroll of fog
Potions
 b - a potion of magic
 f - 2 potions of attraction {unknown}
 g - a potion of enlightenment
 h - a potion of haste {unknown}
 l - 2 potions of heal wounds {@q2}
 p - a potion of mutation {unknown}

Dungeon Overview and Level Annotations

Branches:
Dungeon (5/15) Zot: 25717
 Temple: D:4-7

Altars:

Shops:
D:1 ( D:5

[ #############
#...........#
#...........#
#...........#
#)..........#######
#)@g...............
#..)........#.#####
#.....[.....+......
#...........#.##...
#...........#.##...
#...........#.##...
#############.##...
#.##... #.#####


You could see a gnoll bouda.


Message History

Casting: Foxfire (safe; 3% risk of failure)
Confirm with . or Enter, or press ? or * to list all spells.
You conjure some foxfire!
The gnoll hits you but does no damage. The gnoll barely misses you.
The foxfire hits the gnoll. x2; The gnoll barely misses you.
The gnoll closely misses you. 😕 MP[-1]
You lost 1 mp, and now have 11/14 mp.
Casting: Foxfire (safe; 3% risk of failure)
Confirm with . or Enter, or press ? or * to list all spells.
You conjure some foxfire!
The gnoll barely misses you. The gnoll hits you but does no damage.
The foxfire hits the gnoll. x2
You kill the gnoll!
The gnoll barely misses you. 😕 HP[+1]
Casting: Foxfire (safe; 2% risk of failure)
Confirm with . or Enter, or press ? or * to list all spells.
You conjure some foxfire!
The gnoll hits you with a +0 club.
The foxfire hits the gnoll!
The foxfire hits the gnoll.
The gnoll closely misses you. 😕 HP[-1] MP[-1]
You take 1 damage, and now have 26/28 hp.
You lost 1 mp, and now have 10/14 mp.
Casting: Foxfire (safe; 2% risk of failure)
Confirm with . or Enter, or press ? or * to list all spells.
You conjure some foxfire!
The gnoll is no longer moving quickly.
The gnoll barely misses you.
The foxfire hits the gnoll.
You kill the gnoll! 😕 HP[+1] MP[-1]
You lost 1 mp, and now have 9/14 mp.
Casting: Foxfire (safe; 2% risk of failure)
Confirm with . or Enter, or press ? or * to list all spells.
You conjure some foxfire! 😕 MP[-1]
You lost 1 mp, and now have 8/14 mp.
Done exploring. 😎 HP[+1] MP[+3]
Your hp is fully restored (28).
You regained 3 mp, and now have 11/14 mp.
Done exploring.
Done exploring.
You start resting. 😎 MP[+3]
Your mp is fully restored (14).
You climb downwards.
The gnoll shouts!
The gnoll barely misses you. The gnoll hits you but does no damage.
There is a stone staircase leading up here.
Casting: Foxfire (safe; 2% risk of failure)
Confirm with . or Enter, or press ? or * to list all spells.
You conjure some foxfire!
The gnoll hits you but does no damage.
The foxfire hits the gnoll bouda. x2
The gnoll hits you from afar with a +0 spear! 😕 HP[-5] MP[-3]
You take 5 damage, and now have 23/28 hp.
You lost 3 mp, and now have 11/14 mp.
The gnoll hits you but does no damage.
The gnoll bouda barks out a call to the hunt!
The gnolls pick up the pace!
The gnoll hits you from afar with a +0 spear!
You climb upwards.
There is a stone staircase leading down here. 😮 HP[-4] MP[-2]
You take 4 damage, and now have 19/28 hp.
You lost 2 mp, and now have 9/14 mp.
Casting: Foxfire (safe; 2% risk of failure)
Confirm with . or Enter, or press ? or * to list all spells.
Flames lash the gnoll.
The gnoll's fire resistance burns away.
The gnoll bouda gazes fiercely through you!
You feel your attacks grow feeble.
The gnoll bouda hits you with a +0 whip!
* * * LOW HITPOINT WARNING * * *
The gnoll hits you with a +0 whip.
* * * LOW HITPOINT WARNING * * *
The gnoll bouda completely misses you.
The gnoll barely misses you. 😨 HP[-11] MP[-5]
You take 11 damage, and now have 8/28 hp.
MASSIVE DAMAGE!! (PAUSE)
You lost 5 mp, and now have 4/14 mp.
Casting: Scorch (safe; 2% risk of failure)
Confirm with . or Enter, or press ? or * to list all spells.
Flames lash the gnoll.
The gnoll is burned terribly!
The gnoll bouda closely misses you. The gnoll closely misses you.
Your attacks no longer feel as feeble.
The gnoll bouda hits you with a +0 whip.
* * * LOW HITPOINT WARNING * * *
The gnoll hits you with a +0 whip.
* * * LOW HITPOINT WARNING * * *
😱 HP[-3] MP[-2]
You take 3 damage, and now have 5/28 hp.
You lost 2 mp, and now have 2/14 mp.
Unknown command.
Casting: Scorch (safe; 2% risk of failure)
Confirm with . or Enter, or press ? or * to list all spells.
Flames lash the gnoll.
The gnoll is burned terribly!
You kill the gnoll!
The gnoll bouda hits you with a +0 whip.
You die...

Skill      XL: |  1  2  3  4  5 |
---------------+----------------+-----
Fire Magic     | 4 5 |  5.6
Conjurations   | 2 3 |  3.2
Spellcasting   | 4 |  4.8
Dodging        | |  2.4
Stealth        | |  2.4

Action                     |  1- 3 |  4- 6 || total
---------------------------+-------+-------++-------
  Melee: Unarmed           |     1 |       ||     1
         Short sword       |       |     3 ||     3
   Cast: Foxfire           |    92 |    87 ||   179
         Scorch            |     1 |     6 ||     7
    Use: Scroll            |       |     5 ||     5
         Potion            |       |     1 ||     1
 Armour: Robe              |     6 |       ||     6
         Leather armour    |       |    35 ||    35
  Dodge: Dodged            |    18 |    32 ||    50

Levels and vault maps discovered:
D:1:      ebering_hopf_link, layout_loops_cross, serial_shops, shop,
          hangedman_decor_diamond_cutter
D:2:      layout_basic
D:3:      layout_loops_ring
D:4:      layout_basic
D:5:      nicolae_cairo_tiling_very_big, layout_rooms,
          grunt_temple_overflow_growth_and_decay, minmay_temple_entry_statues,
          serial_shops, nicolae_shop_just_a_little_nook,
          nicolae_shop_behind_doors, nicolae_shop_back_alley_shop,
          nicolae_shop_getting_attention, nicolae_shop_rolling_square

Notes
Turn   | Place    | Note
-------+----------+-------------------------------------------
     0 | D:1      | kae the Deep Elf Fire Elementalist began the quest for the
                  | Orb.
     0 | D:1      | Reached XP level 1. HP: 10/10 MP: 6/6
     0 | D:1      | magus.rc [v1.11.3]
   150 | D:1      | Found Vyen's Antique Weapon Emporium.
   278 | D:1      | Reached XP level 2. HP: 15/15 MP: 4/8
  1015 | D:2      | Reached skill level 4 in Fire Magic
  1121 | D:2      | Reached XP level 3. HP: 19/19 MP: 6/10
  1126 | D:2      | Learned a level 2 spell: Scorch
  1153 | D:2      | Reached skill level 2 in Conjurations
  1203 | D:2      | You fall into a shaft and drop 1 floor!
  1301 | D:3      | Identified the +7 dagger "Zirut" {heavy, rPois rC+ Str+3}
  1854 | D:2      | Reached XP level 4. HP: 20/24 MP: 7/11
  1917 | D:2      | Found the +1 Delatra's gloves {ID++}
  2363 | D:2      | You pick up a book of Cantrips and begin reading...
  2363 | D:2      | You add the spells Necrotise, Summon Small Mammal and
                  | Apportation to your library.
  2643 | D:3      | Reached skill level 4 in Spellcasting
  2903 | D:3      | Learned a level 3 spell: Inner Flame
  3055 | D:3      | Learned a level 3 spell: Volatile Blastmotes
  3143 | D:3      | Reached skill level 5 in Fire Magic
  3143 | D:3      | Reached XP level 5. HP: 22/28 MP: 6/13
  3202 | D:3      | HP: 7/28 [orc priest/+0 club (3)]
  3342 | D:3      | Reached skill level 3 in Conjurations
  3622 | D:4      | You pick up a book of Dangerous Friends and begin
                  | reading...
  3622 | D:4      | You add the spells Summon Guardian Golem, Orb of
                  | Destruction and Spellforged Servitor to your library.
  4195 | D:5      | Entered Level 5 of the Dungeon
  4214 | D:5      | Found Kelysiv's Armour Shop.
  4282 | D:4      | HP: 5/28 [gnoll/+0 whip[a gnoll bouda] (3)]
  4283 | D:4      | Slain by a gnoll bouda

Vanquished Creatures
  2 orc priests (D:3)
  An iguana (D:4)
  6 adders
  3 gnolls (D:4)
  A worm (D:4)
  3 dart slugs
  5 orcs
  5 bats
  10 endoplasms
  4 giant cockroaches
  8 hobgoblins
  6 kobolds
  4 quokkas
  3 ball pythons
  3 frilled lizards
  5 goblins
  5 rats
74 creatures vanquished.

Vanquished Creatures (others)
  290 foxfires
290 creatures vanquished.

Grand Total: 364 creatures vanquished

Table legend:
 A = Non-vault XP
 B = Vault XP
 C = Vault XP percentage of total XP
 D = Non-vault monster count
 E = Vault monster count
 F = Vault count percentage of total count
                 A         B        C        D         E       F
            +---------+---------+-------+---------+---------+-------
      Total |     361 |       0 |   0.0 |      74 |       0 |   0.0
            +---------+---------+-------+---------+---------+-------
        D:1 |      34 |       0 |   0.0 |      22 |       0 |   0.0
        D:2 |      74 |       0 |   0.0 |      21 |       0 |   0.0
        D:3 |     142 |       0 |   0.0 |      19 |       0 |   0.0
        D:4 |     111 |       0 |   0.0 |      12 |       0 |   0.0
            +---------+---------+-------+---------+---------+-------

Skill      XL: |  1  2  3  4  5 |
---------------+----------------+-----
Fire Magic     | 4 5 |  5.6
Conjurations   | 2 3 |  3.2
Spellcasting   | 4 |  4.8
Dodging        | |  2.4
Stealth        | |  2.4

Action                     |  1- 3 |  4- 6 || total
---------------------------+-------+-------++-------
  Melee: Unarmed           |     1 |       ||     1
         Short sword       |       |     3 ||     3
   Cast: Foxfire           |    92 |    87 ||   179
         Scorch            |     1 |     6 ||     7
    Use: Scroll            |       |     5 ||     5
         Potion            |       |     1 ||     1
 Armour: Robe              |     6 |       ||     6
         Leather armour    |       |    35 ||    35
  Dodge: Dodged            |    18 |    32 ||    50

Illustrated notes

Table legend:
 A = Kills in this place as a percentage of kills in the entire game.
 B = Kills by you in this place as a percentage of kills by you in the entire game.
 C = Kills by friends in this place as a percentage of kills by friends in the entire game.
 D = Other kills in this place as a percentage of other kills in the entire game.
 E = Experience gained in this place as a percentage of experience gained in the entire game.
 F = Experience gained in this place divided by the number of levels of this place that you have seen.
                   A       B       C       D       E      F
               +-------+-------+-------+-------+-------+----------------------
         Total | 100.0 | 100.0 |   N/A |   N/A | 100.0 |  72.2
       Dungeon | 100.0 | 100.0 |   N/A |   N/A | 100.0 |  72.2
               +-------+-------+-------+-------+-------+----------------------

Table legend: (Time is in decaauts)
 A = Elapsed time spent in this place.
 B = Non-inter-level travel time spent in this place.
 C = Inter-level travel time spent in this place.
 D = Time resting spent in this place.
 E = Time spent auto-exploring this place.
 F = Levels seen in this place.
 G = Mean time per level.
                   A        B        C        D        E       F      G
               +--------+--------+--------+--------+--------+-----+--------+
         Total |   4281 |   4120 |    161 |     22 |   3488 |   5 |  856.2 |
       Dungeon |   4281 |   4120 |    161 |     22 |   3488 |   5 |  856.2 |
               +--------+--------+--------+--------+--------+-----+--------+

Top non-repeatable levels by time:
     D:2: 1383 daAuts
     D:3: 1014 daAuts
     D:1: 1006 daAuts
     D:4: 843 daAuts
     D:5: 34 daAuts
